 Dungeon Crawl Stone Soup version 0.24.0-125-gc4c63601f3 (webtiles) character file.

Game seed: 7884537047049010244, levelgen mode: deterministic

129 Lemonice the Insei (level 5, -2/33 HPs)
             Began as an Octopode Transmuter on Feb 23, 2020.
             Was an Initiate of Dithmenos.
             Slain by an orc wizard
             ... wielding a +0 dagger
              (3 damage)
             ... on level 3 of the Dungeon.
             The game lasted 00:06:42 (2775 turns).

Lemonice the Insei (Octopode Transmuter)            Turns: 2775, Time: 00:06:43

Health: -2/33      AC:  1    Str: 16    XL:     5   Next: 12%
Magic:  6/8        EV: 13    Int: 15    God:    Dithmenos [......]
Gold:   84         SH:  4    Dex: 12    Spells: 6/8 levels left

rFire    . . .     SeeInvis .     - Unarmed
rCold    . . .     Gourm    .   (no shield)
rNeg     . . .     Faith    .   (helmet restricted)
rPois    .         Spirit   .   (no amulet)
rElec    .         Reflect  .   (no ring)
rCorr    .         Harm     .   (no ring)
MR       .....                  (no ring)
Stlth    +++.......             (no ring)
HPRegen  0.11/turn              (no ring)
MPRegen  0.11/turn              (no ring)
                                (no ring)
                                (no ring)

@: mighty, appendage (expiring), flying, very slightly contaminated, invisible
A: almost no armour, stealthy swim, amphibious, 8 rings, constrict 8, tentacle
spike 3, large bone plates 1, camouflage 1, gelatinous body 1, subdued magic 1
a: End Transformation, Renounce Religion


You were on level 3 of the Dungeon.
You worshipped Dithmenos.
Dithmenos was noncommittal.
You were not hungry.
One of your tentacles had a temporary spike.
You visited 1 branch of the dungeon, and saw 3 of its levels.

You collected 84 gold pieces.

Inventory:

Missiles
 a - 45 arrows
 h - 2 atropa-tipped darts (quivered)
 l - 15 poisoned darts
Scrolls
 d - a scroll of magic mapping {unknown}
 e - 4 scrolls of teleportation {unknown}
 f - 2 scrolls of remove curse {unknown}
 i - 2 scrolls of blinking {unknown}
 k - 4 scrolls of identify {unknown}
 m - 2 scrolls of amnesia {unknown}
 o - a scroll of fear {unknown}
 p - a scroll of enchant weapon {unknown}
Potions
 j - 2 potions of might
 q - a potion of ambrosia {unknown}
Comestibles
 c - 3 rations
 r - 3 chunks of flesh


   Skills:
 + Level 1.5 Fighting
 - Level 2.4 Dodging
 + Level 1.8 Stealth
 + Level 3.3 Unarmed Combat
 + Level 2.2 Spellcasting
 * Level 2.9 Hexes
 + Level 2.4 Transmutations


You had 6 spell levels left.
You knew the following spells:

 Your Spells              Type           Power        Failure   Level  Hunger
a - Beastly Appendage     Tmut           #.....       6%          1    #......
b - Confusing Touch       Hex            #.....       4%          1    #......

Your spell library contained the following spells:

 Spells                   Type           Power        Failure   Level  Hunger
 Sticks to Snakes         Tmut           #.......     10%         2    ###....
 Confuse                  Hex            #.......     16%         3    ###....
 Spider Form              Tmut/Pois      #.........   32%         3    ###....
 Gell's Gravitas          Tloc           #.........   50%         3    ###....
 Ice Form                 Ice/Tmut       #.......     75%         4    #####..
 Petrify                  Tmut/Erth      #.......     75%         4    #####..
 Yara's Violent Unravell  Hex/Tmut       #.........   87%         5    ######.
 Blade Hands              Tmut           #.........   89%         5    ######.
 Metabolic Englaciation   Hex/Ice        #.........   96%         5    ######.


Dungeon Overview and Level Annotations

Branches:
Dungeon (3/15)

Altars:
Dithmenos
Yredelemnul

Annotations:
D:3 1 runed translucent door, Crazy Yiuf


Innate Abilities, Weirdness & Mutations

You cannot wear most types of armour.
You are very stealthy in the water. (Stealth+)
You are amphibious.
You can wear up to eight rings at the same time.
You can use your tentacles to constrict eight enemies at once.
Your skin changes colour to match your surroundings (Stealth+).
Your rubbery body absorbs attacks. (AC +1, EV +1)
One of your tentacles bears a large vicious spike.
You are partially covered in large bone plates. (SH +4)
Your spells are a little easier to cast, but a little less powerful.


Message History

The jackal barks!
You tentacle-slap something but do no damage.
Something hits you.
* * * LOW HITPOINT WARNING * * *
It was a potion of mutation.
You feel extremely strange.
Your connection to magic feels subdued.
Large bone plates grow over parts of your tentacles.
Something hits the orc but does no damage.
Something hits you.
* * * LOW HITPOINT WARNING * * *
It was a potion of flight.
You feel very buoyant.
You fly up into the air.
Your transformation is almost over.
Something hits you.
* * * LOW HITPOINT WARNING * * *
It was a potion of invisibility.
You fade into invisibility!
Something hits you.
You die...

###.##.#####.#######
#.##.# #.# #.##.#
#.# #.##.# #)#
#.##.# #.## #<##.#
#..# #.##.######.#
#...#.......#######.
####.#####..@)oohhh.
##.#######. #.# #.#
... #.. #.. ##..


You could see 2 orcs and 3 jackals.

Vanquished Creatures
  3 gnolls (D:3)
  2 adders (D:2)
  A worm (D:2)
  3 dart slugs
  2 leopard geckos (D:2)
  2 orcs (D:3)
  8 bats
  3 giant cockroaches
  8 goblins
  11 hobgoblins
  4 jackals (D:2)
  A ball python (D:2)
  4 frilled lizards
  7 kobolds
  8 rats
67 creatures vanquished.

Notes
Turn   | Place    | Note
-------+----------+-------------------------------------------
     0 | D:1      | Lemonice the Octopode Transmuter began the quest for the
                  | Orb.
     0 | D:1      | Reached XP level 1. HP: 13/13 MP: 3/3
   182 | D:1      | Reached XP level 2. HP: 18/18 MP: 3/5
   337 | D:1      | Reached skill level 1 in Stealth
   602 | D:1      | Reached XP level 3. HP: 17/23 MP: 6/6
  1517 | D:2      | Learned a level 1 spell: Confusing Touch
  1675 | D:2      | Reached skill level 1 in Hexes
  1675 | D:2      | Reached XP level 4. HP: 26/28 MP: 4/7
  1763 | D:2      | Found a shadowy altar of Dithmenos.
  1763 | D:2      | Found a basalt altar of Yredelemnul.
  1948 | D:2      | Became a worshipper of Dithmenos the Shadowed
  2691 | D:3      | Reached XP level 5. HP: 27/33 MP: 5/8
  2722 | D:3      | Found a runed translucent door.
  2723 | D:3      | Noticed Crazy Yiuf
  2773 | D:3      | Gained mutation: Your spells are a little easier to cast,
                  | but a little less powerful. [potion of mutation]
  2773 | D:3      | Gained mutation: You are partially covered in large bone
                  | plates. (SH +4) [potion of mutation]
  2774 | D:3      | HP: 1/33 [something (1)]
  2775 | D:3      | Slain by an orc wizard

Levels and vault maps discovered:
D:1:      lightli_iron_boxes, layout_basic
D:2:      layout_basic, chequers_temple_overflow_statue_of_worship,
          minmay_tiny_reverse_x
D:3:      layout_loops_ring, minmay_stone_trees_large, uniq_crazy_yiuf_cottage

Skill      XL: |  1  2  3  4 |
---------------+-------------+-----
Stealth        | 1 |  1.8
Hexes          | 1 2 |  2.9
Fighting       | |  1.5
Dodging        | |  2.4
Unarmed Combat | |  3.3
Spellcasting   | |  2.2
Transmutations | |  2.4

Action                   |  1- 3 |  4- 6 || total
-------------------------+-------+-------++-------
Melee: Unarmed           |    98 |    57 ||   155
       Constrict         |    34 |    16 ||    50
       Tentacles         |    14 |     9 ||    23
       Kick              |    12 |    13 ||    25
       Punch             |     2 |     2 ||     4
Throw: Dart              |       |     1 ||     1
 Cast: Beastly Appendage |    13 |     8 ||    21
       Confusing Touch   |     2 |     5 ||     7
  Use: Potion            |       |     4 ||     4
 Stab: Sleeping          |     1 |     4 ||     5
       Confused          |       |     2 ||     2
  Eat: Chunk             |     2 |     4 ||     6
Armor: Skin              |    12 |     6 ||    18
Dodge: Dodged            |    68 |    46 ||   114
